 Dungeon Crawl Stone Soup version 0.27.0-1-g7a089689b8 (webtiles) character file.

Game seed: 3914267446679876297

51 sanka the Magician (level 3, -3/16 HPs)
             Began as a Vine Stalker Hedge Wizard on Aug 1, 2021.
             Killed by nerve-wracking pain
             ... invoked by an orc priest
              (4 damage)
             ... on level 3 of the Dungeon.
             The game lasted 00:02:45 (2150 turns).

sanka the Magician (Vine Stalker Hedge Wizard)      Turns: 2150, Time: 00:02:45

Health: -3/16      AC:  2    Str: 13    XL:     3   Next: 81%
Magic:  0/9        EV: 12    Int: 14    God:
Gold:   41         SH:  0    Dex: 13    Spells: 7/10 levels left

rFire    . . .     SeeInvis .   a - +2 dagger (elec)
rCold    . . .     Faith    .   (no shield)
rNeg     . . .     Spirit   +   b - +0 robe
rPois    .         Reflect  .   c - +0 hat
rElec    .         Harm     .   (no cloak)
rCorr    .         Rampage  .   (no gloves)
Will     .....                  (no boots)
Stlth    ++........             (no amulet)
HPRegen  0.05/turn              (no ring)
MPRegen  0.11/turn              (no ring)

@: no status effects
A: fangs 2, magic shield, antimagic bite, no potion heal 2
a: no special abilities


You were on level 3 of the Dungeon.
You visited 1 branch of the dungeon, and saw 3 of its levels.

You collected 41 gold pieces.


Innate Abilities, Weirdness & Mutations

You have extremely sharp teeth.
When hurt, damage is shared between your health and your magic reserves.
Your bite disrupts and absorbs the magic of your enemies.
Potions cannot restore your health.


   Skills:
 - Level 1.5 Dodging
 - Level 2.4 Stealth
 - Level 4.0 Spellcasting
 - Level 1.0 Conjurations
 + Level 2.8 Summonings
 - Level 1.0 Translocations


You had 7 spell levels left.
You knew the following spells:

 Your Spells              Type           Power      Damage    Failure   Level
x - Call Imp              Summ           10%        N/A       10%         2
z - Magic Dart            Conj           20%        1d4       13%         1

Your spell library contained the following spells:

 Spells                   Type           Power      Damage    Failure   Level
 Beastly Appendage        Tmut           4%         N/A       19%         1
 Blink                    Tloc           N/A        N/A       19%         2
 Slow                     Hex            2%         N/A       28%         2
 Wereblood                Tmut           2%         N/A       28%         2
 Conjure Flame            Conj/Fire      4%         6-21      43%         3
 Mephitic Cloud           Conj/Pois/Air  3%         N/A       45%         3
 Spider Form              Tmut/Pois      1%         N/A       50%         3

Inventory:

Hand Weapons
 a - a +2 dagger of electrocution (weapon)
 g - a +0 dagger
 n - a +2 short sword of electrocution
Armour
 b - a +0 robe (worn)
 c - a +0 hat (worn)
Scrolls
 i - 2 scrolls of acquirement {unknown}
 j - a scroll of identify {unknown}
 k - a scroll of fear {unknown}
 l - a scroll of brand weapon {unknown}
Potions
 f - a potion of might {unknown}
 h - a potion of cancellation
 m - a potion of lignification {unknown}

Dungeon Overview and Level Annotations

Branches:
Dungeon (3/15)

Altars:

...▒▒▒▒ ▒.▒ ....
...o.▒▒▒▒o▒▒.....
▒▒▒▒..............
▒..........▒▒▒....
▒▒.......▒ . ▒.▒▒▒o▒.▒
≈≈≈.....▒ ▒.▒.▒▒▒ .
.≈..▒.▒▒▒ ▒.▒...▒▒▒.▒▒.
.. ▒. ▒.f.....▒.▒...
▒.▒▒▒ ▒▒▒▒▒.▒....... .
....▒▒▒▒▒..g.........
▒▒..▒▒....▒.........
▒..)........▒.▒.....
...▒▒.............▒.....
.......<.......▒........
..................▒..
...▒▒...................


You could see an orc priest and an orc (wandering).


Message History

You feel magically purged.
* * * LOW HITPOINT WARNING * * *
You feel sick.
Unknown command.
It was a potion of brilliance.
You feel clever all of a sudden.
* * * LOW HITPOINT WARNING * * *
You feel sick.
It was a potion of curing.
Your system rejects the healing.
You start resting.
Magic restored.
A goblin comes into view. It is wielding a +0 club.
An orc comes into view. It is wielding a +0 hand axe.
The orc moves out of view.
You start resting.
An orc priest comes into view. It is wielding a +0 club.
An orc priest comes into view. It is wielding a +0 quarterstaff.
The orc priest shouts!
The orc priest shouts!
The orc priest invokes the aid of Beogh against you.
You barely resist.
You hear a shout!
The orc priest calls down the wrath of Beogh upon you.
Pain shoots through your body!
* * * LOW HITPOINT WARNING * * *
You feel a little less clever now.
The orc priest invokes the aid of Beogh against you.
Pain shoots through your body!
You die...

Action                   || total
-------------------------++-------
Melee: Dagger            ||    19
       Bite              ||    11
       Short sword       ||    46
 Cast: Magic Dart        ||    22
  Use: Potion            ||     3
 Stab: Sleeping          ||     2
Armor: Robe              ||    11
Dodge: Dodged            ||    42

Levels and vault maps discovered:
D:1:      onia_arrival_mini_maze_b, layout_loops_ring,
          dreamdust_ecumenical_altar_drowned_temple
D:2:      layout_basic
D:3:      layout_rooms, amcnicky_mini_pool_small

Notes
Turn   | Place    | Note
-------+----------+-------------------------------------------
     0 | D:1      | sanka the Vine Stalker Hedge Wizard began the quest for the
                  | Orb.
     0 | D:1      | Reached XP level 1. HP: 9/9 MP: 5/5
   183 | D:1      | Found a faded altar of an unknown god.
   559 | D:1      | Reached XP level 2. HP: 13/13 MP: 5/7
  1079 | D:2      | Reached skill level 4 in Spellcasting
  1329 | D:2      | Reached XP level 3. HP: 13/16 MP: 6/9
  1371 | D:2      | Reached skill level 2 in Summonings
  1960 | D:2      | Learned a level 2 spell: Call Imp
  2083 | D:3      | HP: 1/16 [poisoned by an adder]
  2147 | D:3      | HP: 1/16 [orc priest/nerve-wracking pain (3)]
  2150 | D:3      | Killed from afar by an orc priest

Vanquished Creatures
  An adder (D:3)
  A worm (D:2)
  4 ball pythons
  6 endoplasms
  A giant cockroach (D:2)
  3 goblins
  3 hobgoblins (D:2)
  3 jackals (D:2)
  3 kobolds
  2 quokkas
  4 bats
  2 rats (D:1)
  A spectral kobold (D:1)
34 creatures vanquished.
